 Dungeon Crawl Stone Soup version 0.29-a0-364-g921d912d32 (webtiles) character file.

Game seed: 16305612983994437993

51 bande the Shield-Bearer (level 3, -1/24 HPs)
             Began as a Gargoyle Fighter on May 1, 2022.
             Slain by Crazy Yiuf
             ... wielding a +3 quarterstaff of chaos
              (9 damage)
             ... on level 2 of the Dungeon.
             The game lasted 00:01:57 (1589 turns).

bande the Shield-Bearer (Gargoyle Fighter)          Turns: 1589, Time: 00:01:57

Health: -1/24      AC: 12    Str: 19    XL:     3   Next: 81%
Magic:  3/3        EV: 12    Int:  8    God:
Gold:   62         SH:  4    Dex: 11    Spells: 2/2 levels left

rFire   . . .      SeeInvis .   a - +0 war axe
rCold   . . .      Faith    .   c - +0 buckler
rNeg    + . .      Spirit   .   l - +0 chain mail
rPois   ∞          Reflect  .   (no helmet)
rElec   +          Harm     .   (no cloak)
rCorr   .          Rampage  .   (no gloves)
Will    .....                   (no boots)
Stlth   ..........              (no amulet)
HPRegen 0.08/turn               (no ring)
MPRegen 0.08/turn               (no ring)

@: agile
A: sickness immunity, AC +3, negative energy resistance 1, electricity
resistance, torment resistance 1, petrification resistance
a: no special abilities


You were on level 2 of the Dungeon.
You visited 1 branch of the dungeon, and saw 2 of its levels.

You collected 62 gold pieces.

Inventory:

Hand Weapons
 a - a +0 war axe (weapon)
 b - a +2 mace of protection
Armour
 c - a +0 buckler (worn)
 l - a +0 chain mail (worn)
Wands
 n - a wand of mindburst (8)
Scrolls
 e - a scroll of holy word {unknown}
 g - a scroll of vulnerability {unknown}
 h - 3 scrolls of blinking {unknown}
 i - a scroll of immolation {unknown}
 k - a scroll of amnesia
Potions
 d - 5 potions of might
 f - 4 potions of mutation {unknown}
 j - 2 potions of brilliance {unknown}
 m - a potion of degeneration {unknown}
 o - a potion of haste {unknown}


   Skills:
 + Level 3.7 Fighting
 + Level 2.5 Axes
 + Level 3.6 Armour
 + Level 3.8 Shields


You had 2 spell levels left.
You didn't know any spells.
Your spell library contained the following spells:

 Spells                   Type           Power      Damage    Failure   Level
 Foxfire                  Conj/Fire      0%         2x1d4     100%        1
 Magic Dart               Conj           0%         1d3       100%        1
 Call Imp                 Summ           0%         N/A       100%        2
 Conjure Flame            Conj/Fire      0%         6-21      100%        3
 Ignite Poison            Fire/Tmut/Pois 0%         N/A       100%        3
 Mephitic Cloud           Conj/Pois/Air  0%         N/A       100%        3
 Sticky Flame             Conj/Fire      0%         2d3       100%        4


Dungeon Overview and Level Annotations

Branches:
Dungeon (2/15)

Altars:
Trog

Annotations:
D:2 Crazy Yiuf


Innate Abilities, Weirdness & Mutations

You are immune to sickness and miasma.
Your stone body is resilient. (AC +3)
You are immune to poison.
You resist negative energy. (rN+)
You are resistant to electric shocks. (rElec)
You are resistant to unholy torment.
You are immune to petrification.


Message History

No target in view!
Things that are here:
a +0 short sword; a kobold corpse
Found an escape hatch in the floor.
n - a wand of mindburst (8)
There is an escape hatch in the floor here.
There is an escape hatch in the floor here.
You now have 62 gold pieces (gained 7).
There is a stone staircase leading down here.
You see here 23 stones.
There is a stone staircase leading up here.
You open the door.
There is an open door here.
You pick up a book of Minor Magic and begin reading...
You add the spells Magic Dart, Call Imp and Mephitic Cloud to your library.
o - a coppery potion
Found a stone staircase leading up.
There is an open door here.
There is a stone staircase leading up here.
You see here 23 stones.
You see here a +0 mace.
You see here a +0 mace.
You see here a +0 mace.
Crazy Yiuf says, "Goldfish Orb Guardian Hive!"
You see here a +0 mace.
You open the door. You hit Crazy Yiuf.
Crazy Yiuf is moderately wounded.
Crazy Yiuf hits you with a +3 quarterstaff of chaos.
Crazy Yiuf hits you with a +3 quarterstaff of chaos!
Ouch! That really hurt!
You feel agile all of a sudden.
You closely miss Crazy Yiuf.
Crazy Yiuf is moderately wounded.
Crazy Yiuf barely misses you.
You slash Crazy Yiuf!
Crazy Yiuf is severely wounded.
You block Crazy Yiuf's attack.
Crazy Yiuf hits you with a +3 quarterstaff of chaos!
You die...

.######.#####
#.##............#.
.######.#
#######.###.....#.
........# #.#
##...##. #########
##### #.# ######.
######### #).)#
### #. #.......#
#)))# #.
####.####### )))
###. ......# #g#
##.#. ...#..###
#@## ##....
........# ##)#
#..... ...#..#.#
#)## ### ##....
..##..#.#### ##)#
#.# ##...
####.......# ##.##
#.#######... #
##.#.#### ##..)#
#.........#.
#####.#>.# #....#
#..########.
......##.# #....#
#...# #.
########.#
##..####..## ##+


You could see Crazy Yiuf.

Vanquished Creatures
  An adder (D:2)
  A worm (D:2)
  2 dart slugs
  4 ball pythons
  3 bats
  2 endoplasms (D:2)
  4 goblins (D:1)
  5 hobgoblins
  A jackal (D:1)
  A quokka (D:2)
  A frilled lizard (D:2)
  2 kobolds
  5 rats
32 creatures vanquished.

Notes
Turn   | Place    | Note
-------+----------+-------------------------------------------
     0 | D:1      | bande the Gargoyle Fighter began the quest for the Orb.
     0 | D:1      | Reached XP level 1. HP: 14/14 MP: 1/1
    89 | D:1      | Reached XP level 2. HP: 19/19 MP: 2/2
   279 | D:1      | Found a faded altar of an unknown god.
   283 | D:1      | Got Plato's Almanac of the Volcanoes
   511 | D:2      | Reached XP level 3. HP: 19/24 MP: 3/3
  1132 | D:2      | Found a bloodstained altar of Trog.
  1185 | D:2      | Found a runed translucent door.
  1186 | D:2      | Noticed Crazy Yiuf
  1589 | D:2      | Slain by Crazy Yiuf

Illustrated notes

Levels and vault maps discovered:
D:1:      psy_arrival_fountain, layout_rooms,
          shapermc_ecumenical_altar_rom_forum, minmay_pentomino_u2
D:2:      layout_loops_corners, basic_altar, uniq_crazy_yiuf_cottage

Skill      XL: |  1  2 |
---------------+-------+-----
Axes           | 2 |  2.5
Fighting       | |  3.7
Armour         | |  3.6
Shields        | |  3.8

Action                   || total
-------------------------++-------
Melee: War axe           ||   107
  Use: Scroll            ||     1
Armor: Scale mail        ||    56
       Chain mail        ||     6
Dodge: Dodged            ||    44
Block: Buckler           ||    36

Table legend: (Time is in decaauts)
 A = Elapsed time spent in this place.
 B = Non-inter-level travel time spent in this place.
 C = Inter-level travel time spent in this place.
 D = Time resting spent in this place.
 E = Time spent auto-exploring this place.
 F = Levels seen in this place.
 G = Mean time per level.
                   A        B        C        D        E       F      G
               +--------+--------+--------+--------+--------+-----+--------+
         Total |   1635 |   1635 |      0 |      0 |   1300 |   2 |  817.5 |
       Dungeon |   1635 |   1635 |      0 |      0 |   1300 |   2 |  817.5 |
               +--------+--------+--------+--------+--------+-----+--------+

Top non-repeatable levels by time:
     D:2: 1129 daAuts
     D:1: 505 daAuts
